 Dungeon Crawl Stone Soup version 0.26-a0-651-gb41185065b (webtiles) character file.

Game seed: 3127616616097548926

1113 Flugslaktarn the Chopper (level 8, -5/73 HPs)
             Began as a Deep Dwarf Fighter on Oct 27, 2020.
             Slain by an orc warrior
             ... wielding a cursed -3 dire flail
              (22 damage)
             ... on level 6 of the Dungeon.
             The game lasted 00:01:28 (1738 turns).

Flugslaktarn the Chopper (Deep Dwarf Fighter)       Turns: 1738, Time: 00:01:28

Health: -5/73      AC:  7    Str: 21    XL:     8   Next: 12%
Magic:  5/5        EV:  7    Int:  8    God:
Gold:   240        SH: 10    Dex: 14    Spells: 7/7 levels left

rFire    . . .     SeeInvis .   m - +2 hand axe (vorpal)
rCold    . . .     Faith    .   c - +0 kite shield
rNeg     . . .     Spirit   .   b - +0 scale mail
rPois    .         Reflect  .   (no helmet)
rElec    .         Harm     .   (no cloak)
rCorr    .         Rampage  .   (no gloves)
MR       +....                  (no boots)
Stlth    ..........             (no amulet)
HPRegen  0.00/turn              (no ring)
MPRegen  0.09/turn              (no ring)

@: lethally poisoned (-5 -> -5), non-regenerating
A: damage resistance, heal wounds, sense surroundings 1, no regeneration
a: Heal Wounds


You were on level 6 of the Dungeon.
You visited 1 branch of the dungeon, and saw 6 of its levels.

You collected 240 gold pieces.

Inventory:

Hand Weapons
 a - a +0 war axe
 m - a +2 vorpal hand axe (weapon)
   (You found it on level 3 of the Dungeon)
Missiles
 u - 2 throwing nets (quivered)
Armour
 b - a +0 scale mail (worn)
 c - a +0 kite shield (worn)
Jewellery
 e - a +4 ring of evasion {unknown}
   (You found it on level 1 of the Dungeon)
Wands
 g - a wand of digging (7)
   (You found it on level 6 of the Dungeon)
Scrolls
 f - 2 scrolls of identify {unknown}
 h - 4 scrolls of teleportation {unknown}
 i - 3 scrolls of magic mapping {unknown}
 l - a scroll of random uselessness {unknown}
 n - a scroll of fear {unknown}
 p - 4 scrolls of noise {unknown}
 q - a scroll of amnesia {unknown}
 v - a scroll of blinking {unknown}
 x - a scroll of immolation {unknown}
Potions
 d - a potion of might
 j - 2 potions of brilliance {unknown}
 k - 2 potions of heal wounds {unknown}
 o - a potion of flight {unknown}
 r - a potion of curing {unknown}
 s - 2 potions of degeneration {unknown}
 t - a potion of lignification {unknown}
 w - 2 potions of haste {unknown}


   Skills:
 + Level 4.7 Fighting
 * Level 7.0 Axes
 + Level 5.7 Armour
 + Level 5.6 Shields


You had 7 spell levels left.
You didn't know any spells.
Your spell library was empty.

Dungeon Overview and Level Annotations

Branches:
Dungeon (6/15)             Temple (0/1) D:6

Altars:
Ashenzari
Elyvilon
Gozag
Nemelex Xobeh
Qazlal
Sif Muna
Uskayaw

Shops:
D:5 (


Innate Abilities, Weirdness & Mutations

You are resistant to damage.
You can heal yourself by infusing magical energy.
You passively map a small area around you.
You do not regenerate.


Message History

You slash the orc!
You kill the orc!
You closely miss the orc warrior.
You feel sick.
You closely miss the orc warrior.
The orc warrior is heavily wounded.
You feel sick. You block the orc warrior's attack.
You are too injured to fight recklessly!
You hit the orc warrior but do no damage.
The orc warrior is heavily wounded.
You block the orc warrior's attack.
You are too injured to fight recklessly!
You barely miss the orc warrior.
The orc warrior is heavily wounded.
The orc warrior hits you with a cursed -3 dire flail!
* * * LOW HITPOINT WARNING * * *
You are too injured to fight recklessly!
You closely miss the orc warrior.
The orc warrior is heavily wounded.
The orc warrior hits you with a cursed -3 dire flail!!
You die...

..#............## .###..
,
..##............##.#....
................#.......
#.....................##
................#.......
........................
.....P.P...###..........
*
....##.##..##.....###..,
...P#...#P##...)@.# ,
......>........)o)#, ,
.#P...##..... ,,,
,*#.... $.......
##....#..###...#
.....##.. .... , * ..
#.. ..# * ... ..# .# , *


You could see an orc warrior.

Vanquished Creatures
  An orc warrior (D:6)
  A sky beast (D:5)
  A black bear (D:5)
  An ogre (D:5)
  2 scorpions
  A jelly (D:5)
  A hound (D:5)
  6 orc wizards
  5 orc priests
  2 iguanas
  2 worker ants
  5 gnolls
  6 adders
  A white imp (D:5)
  2 dart slugs
  17 orcs
  A giant cockroach (D:3)
  3 goblins
  A hobgoblin (D:3)
  8 jackals
  4 quokkas
  A ball python (D:5)
  4 bats
  5 frilled lizards
  5 kobolds
  A leopard gecko zombie (D:6)
  A quokka skeleton (D:5)
  3 rats
91 creatures vanquished.

Vanquished Creatures (others)
  A worker ant (D:5)
  2 gnolls (D:5)
  2 jackals (D:5)
5 creatures vanquished.

Grand Total: 96 creatures vanquished

Notes
Turn   | Place    | Note
-------+----------+-------------------------------------------
     0 | D:1      | Flugslaktarn the Deep Dwarf Fighter began the quest for the
                  | Orb.
     0 | D:1      | Reached XP level 1. HP: 20/20 MP: 1/1
   151 | D:2      | Reached XP level 2. HP: 24/27 MP: 2/2
   241 | D:2      | Reached skill level 3 in Axes
   241 | D:2      | Reached XP level 3. HP: 28/33 MP: 3/3
   484 | D:3      | Reached XP level 4. HP: 27/42 MP: 4/4
   675 | D:4      | Reached skill level 4 in Axes
   675 | D:4      | Reached XP level 5. HP: 27/49 MP: 5/5
  1059 | D:4      | Found a shimmering blue altar of Sif Muna.
  1094 | D:4      | Reached XP level 6. HP: 31/56 MP: 6/6
  1132 | D:5      | Entered Level 5 of the Dungeon
  1158 | D:5      | Reached skill level 5 in Axes
  1176 | D:5      | Found Ogrockaupt's Antique Weapon Boutique.
  1245 | D:5      | Reached XP level 7. HP: 39/64 MP: 7/7
  1268 | D:5      | Reached skill level 5 in Armour
  1268 | D:5      | Reached skill level 5 in Shields
  1298 | D:5      | Found a sparkling altar of Nemelex Xobeh.
  1312 | D:5      | Reached skill level 6 in Axes
  1614 | D:6      | Found a hide-covered altar of Uskayaw.
  1628 | D:6      | Found an opulent altar of Gozag.
  1628 | D:6      | Found a white marble altar of Elyvilon.
  1655 | D:6      | Found a broken altar of Ashenzari.
  1656 | D:6      | Found a stormy altar of Qazlal.
  1678 | D:6      | Reached XP level 8. HP: 47/73 MP: 6/6
  1705 | D:6      | Reached skill level 7 in Axes
  1709 | D:6      | Found a staircase to the Ecumenical Temple.
  1738 | D:6      | Slain by an orc warrior

Illustrated notes

Levels and vault maps discovered:
D:1:      minmay_arrival_checkered_box, layout_basic
D:2:      layout_loops_cross, gammafunk_temple_overflow_elements
D:3:      layout_loops_ring, fedhas_altar_3, serial_rivers,
          chequers_serial_rivers_micro_d, chequers_serial_rivers_micro_c,
          chequers_serial_rivers_room_a, chequers_serial_rivers_large_a,
          uniq_sigmund
D:4:      layout_rooms, lemuel_blue_sif_altar
D:5:      layout_basic, nemelex_xobeh_ov_fountains_minmay, serial_shops,
          shop_statue, lemuel_flamethrower_2
D:6:      layout_cave_pools, grunt_temple_overflow_open,
          minmay_temple_entry_gardened_gates, uniq_edmund

Skill      XL: |  1  2  3  4  5  6  7  8 |
---------------+-------------------------+-----
Axes           | 3 4 5 6 7 |  7.0
Fighting       | 3 4 |  4.7
Armour         | 4 5 |  5.7
Shields        | 4 5 |  5.6

Action                   |  1- 3 |  4- 6 |  7- 9 || total
-------------------------+-------+-------+-------++-------
Melee: War axe           |    80 |       |       ||    80
       Hand axe          |    13 |   139 |   102 ||   254
 Abil: Heal Wounds       |       |     4 |     6 ||    10
Armor: Scale mail        |    40 |    53 |    35 ||   128
Dodge: Dodged            |    29 |    34 |    17 ||    80
Block: Kite shield       |    48 |    74 |    44 ||   166

Table legend: (Time is in decaauts)
 A = Elapsed time spent in this place.
 B = Non-inter-level travel time spent in this place.
 C = Inter-level travel time spent in this place.
 D = Time resting spent in this place.
 E = Time spent auto-exploring this place.
 F = Levels seen in this place.
 G = Mean time per level.
                   A        B        C        D        E       F      G
               +--------+--------+--------+--------+--------+-----+--------+
         Total |   1800 |   1737 |     63 |      0 |   1102 |   6 |  300.0 |
       Dungeon |   1800 |   1737 |     63 |      0 |   1102 |   6 |  300.0 |
               +--------+--------+--------+--------+--------+-----+--------+

Top non-repeatable levels by time:
     D:4: 557 daAuts
     D:5: 491 daAuts
     D:3: 312 daAuts
     D:2: 172 daAuts
     D:1: 141 daAuts
     D:6: 126 daAuts
